 Dungeon Crawl Stone Soup version 0.31.0-9-g3a7656b989 (webtiles) character file.

Game seed: 10432427374612158225

580 qw the Shooter (level 7, -2/35 HPs)
             Began as a Spriggan Hunter on Feb 2, 2024.
             Slain by an orc warrior
             ... wielding a +0 war axe
              (15 damage)
             ... on level 4 of the Dungeon.
             The game lasted 00:00:07 (2211 turns).

qw the Shooter (Spriggan Hunter)                    Turns: 2211, Time: 00:00:08

Health: -2/35      AC:  3    Str:  7    XL:     7   Next: 13%
Magic:  8/8        EV: 22    Int: 10    God:
Gold:   137        SH:  0    Dex: 21    Spells: 6/6 levels left

rFire   . . .        m - +2 arbalest (flame)
rCold   . . .        (shield currently unavailable)
rNeg    . . .        c - +0 robe
rPois   .            (helmet restricted)
rElec   .            e - +0 cloak
rCorr   .            (gloves unavailable)
SInv    +            (boots unavailable)
Will    +....        (no amulet)
Stlth   ++           (no ring)
HPRegen 0.25/turn    (no ring)
MPRegen 0.11/turn

%: no passive effects
@: very quick
A: very small, no large weapons, unfitting armour, see invisible, speed 3
a: no special abilities


You were on level 4 of the Dungeon.
You visited 1 branch of the dungeon, and saw 4 of its levels.

You collected 137 gold pieces.


Innate Abilities, Weirdness & Mutations

You are very small and have problems with some larger weapons.
You are too small for most types of armour.
You have supernaturally acute eyesight. (SInv)
You cover ground extremely quickly. (Speed+++)


   Skills:
 - Level 2.3 Fighting
 + Level 6.9 Ranged Weapons
 - Level 6.6 Dodging
 - Level 1.5 Stealth


You had 6 spell levels left.
You didn't know any spells.
Your spell library was empty.

Inventory:

Hand Weapons
 m - a +2 arbalest of flaming (weapon)
Armour
 c - a +0 robe (worn)
 e - a +0 cloak (worn)
Jewellery
 g - a ring of fire
Potions
 a - a potion of heal wounds {unknown}
 f - a potion of resistance
 h - 3 potions of curing

Dungeon Overview and Level Annotations

Branches:
Dungeon (4/15)
 Temple: D:4-7

Altars:
Gozag

Shops:
D:4 (


Message History

The bullfrog misses you. The bullfrog barely misses you.
You shoot a bolt. The bolt hits the bullfrog!!
The bolt burns the bullfrog.
You kill the bullfrog!
The sleepcap releases spores at you.
You have reached level 7!
You shoot a bolt. The bolt hits the sleepcap!!
The bolt burns the sleepcap!
You destroy the sleepcap!
An orc warrior comes into view. It is wielding a +0 war axe.
2190 ||| FLEEEEING.
You see here a scorpion corpse.
2191 ||| FLEEEEING.
2192 ||| FLEEEEING.
You start resting.
An orc warrior is nearby!
2194 ||| FLEEEEING.
2195 ||| FLEEEEING.
2196 ||| FLEEEEING.
2197 ||| FLEEEEING.
2198 ||| FLEEEEING.
2199 ||| FLEEEEING.
2200 ||| FLEEEEING.
2201 ||| FLEEEEING.
2202 ||| FLEEEEING.
2203 ||| FLEEEEING.
2204 ||| FLEEEEING.
2205 ||| FLEEEEING.
2206 ||| FLEEEEING.
2207 ||| FLEEEEING.
2208 ||| FLEEEEING.
You shoot a bolt. The bolt hits the orc warrior!
The bolt burns the orc warrior.
The orc warrior is heavily wounded.
The orc warrior hits you with a +0 war axe!
You shoot a bolt. The bolt hits the orc warrior.
The bolt burns the orc warrior.
The orc warrior is heavily wounded.
The orc warrior hits you with a +0 war axe!
You shoot a bolt.
The bolt closely misses the orc warrior.
The orc warrior misses you.
The orc warrior hits you with a +0 war axe!
You die...

...........# #..# #..##
...........# #..#.. #..#
......###### #..#.# #.#..#
.........# #..#.# #.#..#
..........# #..#.# #.#..#
#.........# #..#.# #.#..#
#.........####..#.# ##### #.#..#
#...............#.# .....#.#..#
..#######.......@.######..#.#..##
..######..###..o.................
......... #.......#######.#####
........# ##.......)%......#
.......## #..##.......#.####
#....(## ##...#....##....#
#....## #..#.#....####..# #...##
##.##.###### #...# #..## #..# .#
#...#


You could see an orc warrior.

Vanquished Creatures
  Grinder (D:4)
  Sigmund (D:3)
  A bullfrog (D:4)
  A scorpion (D:4)
  A sleepcap (D:4)
  2 adders (D:3)
  2 dart slugs
  A ribbon worm (D:2)
  An orc (D:4)
  5 ball pythons
  2 bats
  5 endoplasms (D:1)
  A giant cockroach (D:1)
  2 goblins
  5 hobgoblins
  5 jackals (D:4)
  5 kobolds
  6 quokkas
  3 frilled lizards (D:1)
  2 rats
52 creatures vanquished.

Notes
Turn   | Place    | Note
-------+----------+-------------------------------------------
     0 | D:1      | qw the Spriggan Hunter began the quest for the Orb.
     0 | D:1      | Reached XP level 1. HP: 10/10 MP: 2/2
     0 | D:1      | 0 ||| qw: Version: 0.3-a-155-g5e7d8dd
     0 | D:1      | 0 ||| qw: Game counter: 1798
     0 | D:1      | 0 ||| qw: Melee chars always use a shield: true
     0 | D:1      | 0 ||| qw: God list: Okawaru
     0 | D:1      | 0 ||| qw: Allow faded altars: false
     0 | D:1      | 0 ||| qw: Do Orc after clearing Dungeon:15 true
     0 | D:1      | 0 ||| qw: Do second Lair branch before Depths: true
     0 | D:1      | 0 ||| qw: Lair rune preference: random
     0 | D:1      | 0 ||| qw: Goals: Normal
     0 | D:1      | 0 ||| PLANNING D:1-11
    49 | D:1      | Reached skill level 3 in Dodging
   135 | D:1      | Reached XP level 2. HP: 14/14 MP: 3/3
   597 | D:1      | 597 ||| UPGRADING to +0 cloak.
   602 | D:1      | 602 ||| READING scroll labelled AMNUSEZXIJ.
   605 | D:1      | 605 ||| READING 2 scrolls labelled MIVITZI LEGG.
   605 | D:1      | 605 ||| IDENTIFYING viscous brown potion
   606 | D:1      | 606 ||| READING scroll of identify.
   606 | D:1      | 606 ||| IDENTIFYING murky red potion
   607 | D:1      | 607 ||| DROPPING scroll of butterflies.
   621 | D:2      | Found a faded altar of an unknown god.
   667 | D:2      | Found an opulent altar of Gozag.
   704 | D:2      | Reached XP level 3. HP: 18/18 MP: 4/4
   851 | D:2      | 851 ||| SWAPPING to +2 arbalest of flaming.
   852 | D:2      | 852 ||| DROPPING +0 shortbow.
  1030 | D:2      | 1030 ||| FLEEEEING.
  1031 | D:2      | 1031 ||| FLEEEEING.
  1033 | D:2      | 1033 ||| FLEEEEING.
  1035 | D:2      | 1035 ||| FLEEEEING.
  1037 | D:2      | 1037 ||| FLEEEEING.
  1039 | D:2      | 1039 ||| FLEEEEING.
  1270 | D:2      | 1270 ||| DROPPING +6 ring of intelligence.
  1271 | D:2      | 1271 ||| READING 3 scrolls of identify.
  1271 | D:2      | 1271 ||| IDENTIFYING glowing green potion
  1272 | D:2      | 1272 ||| READING 2 scrolls of identify.
  1272 | D:2      | 1272 ||| IDENTIFYING smoky grey potion
  1273 | D:2      | 1273 ||| READING scroll of identify.
  1273 | D:2      | 1273 ||| IDENTIFYING murky amethyst potion
  1274 | D:2      | 1274 ||| READING scroll labelled XOSHRE XUKKIFYMEH.
  1275 | D:2      | 1275 ||| DROPPING potion of berserk rage.
  1276 | D:2      | 1276 ||| DROPPING potion of invisibility.
  1277 | D:2      | 1277 ||| DROPPING potion of brilliance.
  1482 | D:3      | Noticed Sigmund
  1489 | D:3      | Killed Sigmund
  1490 | D:3      | Reached skill level 6 in Ranged Weapons
  1490 | D:3      | Reached XP level 4. HP: 15/22 MP: 5/5
  1490 | D:3      | Reached XP level 5. HP: 17/25 MP: 6/6
  1814 | D:3      | 1814 ||| READING 2 scrolls labelled CUEM CEUCESS.
  1815 | D:3      | 1815 ||| READING scroll labelled GIUKAIPIFI.
  1816 | D:3      | 1816 ||| DROPPING scroll of fear.
  1832 | D:4      | Found Ikuczyz's Weapon Boutique.
  1834 | D:4      | Noticed Grinder
  1838 | D:4      | HP: 4/25 [Grinder (4)]
  1839 | D:4      | 1839 ||| READING scroll of teleportation.
  1858 | D:4      | HP: 6/25 [constriction (1)]
  2055 | D:4      | Killed Grinder
  2056 | D:4      | Reached skill level 6 in Dodging
  2056 | D:4      | Reached XP level 6. HP: 26/30 MP: 7/7
  2079 | D:4      | 2079 ||| SHOPLISTING +9 orcbow "Pilunk" {flame, Dex+3} (775
                  | gold, have 120).
  2189 | D:4      | Reached XP level 7. HP: 28/35 MP: 8/8
  2190 | D:4      | 2190 ||| FLEEEEING.
  2191 | D:4      | 2191 ||| FLEEEEING.
  2192 | D:4      | 2192 ||| FLEEEEING.
  2194 | D:4      | 2194 ||| FLEEEEING.
  2195 | D:4      | 2195 ||| FLEEEEING.
  2196 | D:4      | 2196 ||| FLEEEEING.
  2197 | D:4      | 2197 ||| FLEEEEING.
  2198 | D:4      | 2198 ||| FLEEEEING.
  2199 | D:4      | 2199 ||| FLEEEEING.
  2200 | D:4      | 2200 ||| FLEEEEING.
  2201 | D:4      | 2201 ||| FLEEEEING.
  2202 | D:4      | 2202 ||| FLEEEEING.
  2203 | D:4      | 2203 ||| FLEEEEING.
  2204 | D:4      | 2204 ||| FLEEEEING.
  2205 | D:4      | 2205 ||| FLEEEEING.
  2206 | D:4      | 2206 ||| FLEEEEING.
  2207 | D:4      | 2207 ||| FLEEEEING.
  2208 | D:4      | 2208 ||| FLEEEEING.
  2211 | D:4      | Slain by an orc warrior

Levels and vault maps discovered:
D:1:      dpeg_arrival_tiny_d, layout_basic
D:2:      layout_loops_ring, nicolae_ecumenical_pavilion, basic_altar
D:3:      layout_loops_ring, uniq_sigmund
D:4:      layout_basic, kennysheep_mini_moat,
          mainiacjoe_overflow_six_doors_small, serial_shops,
          nicolae_shop_scrapyard, chequers_avenue, minmay_manual_mandibuliform,
          uniq_crazy_yiuf_cottage, uniq_grinder

Skill      XL: |  1  2  3  4  5  6 |
---------------+-------------------+-----
Dodging        | 3 4 6 |  6.6
Ranged Weapons | 6 |  6.9
Fighting       | 2 |  2.3
Stealth        | |  1.5

Action                     |  1- 3 |  4- 6 |  7- 9 || total
---------------------------+-------+-------+-------++-------
   Fire: Shortbow          |    62 |       |       ||    62
         Arbalest          |    22 |    44 |     4 ||    70
    Use: Scroll            |     7 |     3 |       ||    10
 Armour: Robe              |     4 |     7 |     3 ||    14
  Dodge: Dodged            |    27 |    24 |     1 ||    52

Table legend:
 A = Non-vault XP
 B = Vault XP
 C = Vault XP percentage of total XP
 D = Non-vault monster count
 E = Vault monster count
 F = Vault count percentage of total count
                 A         B        C        D         E       F
            +---------+---------+-------+---------+---------+-------
      Total |     109 |     720 |  86.9 |      46 |       6 |  11.5
            +---------+---------+-------+---------+---------+-------
        D:1 |      37 |       0 |   0.0 |      21 |       0 |   0.0
        D:2 |      12 |       0 |   0.0 |       5 |       0 |   0.0
        D:3 |      38 |     214 |  84.9 |       9 |       1 |  10.0
        D:4 |      22 |     506 |  95.8 |      11 |       5 |  31.2
            +---------+---------+-------+---------+---------+-------
